 Dungeon Crawl Stone Soup version 0.21.1-1-g345015f (webtiles) character file.

65 Kagorn the Skirmisher (level 4, -2/29 HPs)
             Began as a Gargoyle Berserker on June 9, 2018.
             Was a Believer of Trog.
             Slain by a gnoll
             ... wielding a +0 halberd
              (3 damage)
             ... on level 2 of the Dungeon.
             The game lasted 00:08:40 (1458 turns).

Kagorn the Skirmisher (Gargoyle Berserker)          Turns: 1458, Time: 00:08:41

Health: -2/29      AC:  5    Str: 21    XL:     4   Next: 14%
Magic:  4/4        EV: 12    Int:  7    God:    Trog [**....]
Gold:   114        SH:  0    Dex: 10    Spells: 3/3 levels left

rFire    . . .     SeeInvis .   a - +0 falchion
rCold    . . .     Gourm    .   (no shield)
rNeg     + . .     Faith    .   b - +0 animal skin
rPois    ∞         Spirit   .   (no helmet)
rElec    +         Reflect  .   (no cloak)
rCorr    .         Harm     .   (no gloves)
MR       +....                  (no boots)
Stlth    +.........             (no amulet)
HPRegen  0.09/turn              e - ring of protection from magic
MPRegen  0.09/turn              (no ring)

@: no status effects
A: negative energy resistance 1, electricity resistance, unbreathing,
petrification resistance, rot immunity, AC +3
a: Berserk, Trog's Hand, Burn Spellbooks, Renounce Religion


You were on level 2 of the Dungeon.
You worshipped Trog.
Trog was pleased with you.
You were not hungry.

You visited 1 branch of the dungeon, and saw 2 of its levels.

You collected 114 gold pieces.

Inventory:

Hand Weapons
 a - a +0 falchion (weapon)
Missiles
 m - 2 javelins (quivered)
Armour
 b - a +0 animal skin (worn)
 n - a +0 chain mail
Jewellery
 e - a ring of protection from magic (left hand)
 i - an uncursed ring of ice {unknown}
Scrolls
 d - 4 scrolls of remove curse {unknown}
 j - 3 scrolls of teleportation {unknown}
 l - a scroll of identify {unknown}
Potions
 f - a potion of curing {unknown}
 g - a potion of agility {unknown}
 h - 3 potions of heal wounds {unknown}
 k - a potion of haste {unknown}
Comestibles
 c - 4 rations


   Skills:
 + Level 3.8 Fighting
 + Level 3.4 Long Blades
 * Level 2.3 Armour
 + Level 2.2 Dodging
 * Level 1.1 Stealth


You had 3 spell levels left.
You didn't know any spells.

Dungeon Overview and Level Annotations

Branches:
Dungeon (2/15)

Altars:


Innate Abilities, Weirdness & Mutations

You are resistant to torment.
Your stone body is resilient. (AC +3)
You are immune to poison.
You resist negative energy. (rN+)
You are resistant to electric shocks. (rElec)
You can survive without breathing.
You are immune to petrification.
You are immune to rotting.


Message History

A gnoll comes into view. It is wielding a halberd.
The gnoll barely misses you. The gnoll hits you.
There is an open door here.
You slash the gnoll!
The gnoll is heavily wounded.
The gnoll closely misses you.
You riposte.
You hit the gnoll but do no damage.
The gnoll is heavily wounded.
The gnoll hits you from afar with a halberd!
You hit the gnoll.
The gnoll is severely wounded.
The gnoll closely misses you.
You riposte.
You hit the gnoll but do no damage.
The gnoll is severely wounded.
The gnoll hits you from afar with a halberd!
* * * LOW HITPOINT WARNING * * *
You completely miss the gnoll.
The gnoll is severely wounded.
The gnoll hits you!
* * * LOW HITPOINT WARNING * * *
The gnoll hits you from afar with a halberd.
You die...

......§♣....).♣...♣♣..# ### .#
......§§P..................##.#
.....#P.P♣§...P.P♣.P..####.#..#
.##.#♣.♣≈.§.♣♣.♣#.P.♣.# ....
###.#..P.♣§♣♣.♣#+#P♣♣.# #..# #
#.#♣♣♣.♣♣..♣##.##♣♣.# #..#
#.#.......♣.#.g. ♣♣.#####..#
#.#P..♣♣♣♣P.##g##♣..##..<..#
#.#.♣♣.......#@#....#..###.#
#.##...♣♣♣.♣♣.#♣♣♣....####.####
#.##.....♣.♣.....♣...## #..#...
# #.......♣.P.♣÷.P♣.#..#
#....## #
##..♣P♣♣♣.♣...♣♣♣P#..####...#..
##
#.♣.P.P♣P.♣♣..♣♣P............#
.#
#.P.♣.♣PPP.÷♣.♣♣§..>..##..##..
.#
##.♣.P..P♣....§§.♣.##..#..####
.# ##♣.P.♣..P♣P..♣.♣...#....# #


You could see 2 gnolls.

Vanquished Creatures
  An adder (D:2)
  3 worms (D:2)
  2 dart slugs (D:1)
  2 leopard geckos
  A ball python (D:2)
  5 bats
  5 giant cockroaches
  3 goblins
  3 hobgoblins
  5 kobolds
  3 quokkas (D:2)
  3 frilled lizards
  4 rats (D:1)
40 creatures vanquished.

Notes
Turn   | Place    | Note
-------+----------+-------------------------------------------
     0 | D:1      | Kagorn the Gargoyle Berserker began the quest for the Orb.
     0 | D:1      | Reached XP level 1. HP: 14/14 MP: 1/1
     2 | D:1      | Noticed a demonspawn
     2 | D:1      | Noticed an ogre
     4 | D:1      | Noticed a formicid
     4 | D:1      | Noticed a halfling
     6 | D:1      | Noticed a spriggan
     6 | D:1      | Noticed a vampire
     8 | D:1      | Noticed a ghoul
     8 | D:1      | Noticed a troll
    10 | D:1      | Noticed a vine stalker
    12 | D:1      | Noticed a gargoyle
    12 | D:1      | Noticed a felid
    14 | D:1      | Noticed an elf
    14 | D:1      | Noticed a naga
    16 | D:1      | Noticed a centaur
    16 | D:1      | Noticed a human
    18 | D:1      | Noticed a draconian
    18 | D:1      | Noticed a merfolk
    20 | D:1      | Noticed a demigod
    22 | D:1      | Noticed an octopode
    22 | D:1      | Noticed a tengu
    28 | D:1      | Noticed a dwarf
    30 | D:1      | Noticed a minotaur
   127 | D:1      | Reached XP level 2. HP: 19/19 MP: 2/2
   844 | D:2      | Reached XP level 3. HP: 24/24 MP: 3/3
   895 | D:2      | Reached ** piety under Trog
  1302 | D:2      | Found a faded altar of an unknown god.
  1355 | D:2      | Reached skill level 1 in Stealth
  1355 | D:2      | Reached XP level 4. HP: 24/29 MP: 4/4
  1458 | D:2      | HP: 1/29 [gnoll (7)]
  1458 | D:2      | Slain by a gnoll

Skill      XL: |  1  2  3 |
---------------+----------+-----
Dodging        | 2 |  2.2
Long Blades    | 3 |  3.4
Stealth        | 1 |  1.1
Fighting       | |  3.8
Armour         | |  2.3

Action                   |  1- 3 |  4- 6 || total
-------------------------+-------+-------++-------
Melee: Falchion          |   143 |    16 ||   159
 Stab: Sleeping          |     1 |       ||     1
  Eat: Ration            |     1 |       ||     1
       Chunk             |     1 |       ||     1
Armor: Animal skin       |    51 |     1 ||    52
Dodge: Dodged            |   110 |    12 ||   122
       Rpst.: Falchion   |    34 |     4 ||    38
